 Dungeon Crawl Stone Soup version 0.16.2-12-gd0ad4c3 (webtiles) character file.

43 schauveau the Digger (level 3, 0/19 HPs)
             Began as a Gargoyle Earth Elementalist on Oct 31, 2015.
             Slain by an adder (4 damage)
             ... on level 1 of the Dungeon.
             The game lasted 00:05:37 (1297 turns).

schauveau the Digger (Gargoyle Earth Elementalist)  Turns: 1297, Time: 00:05:38

Health: 0/19       AC:  5    Str: 11    XL:     3   Next: 58%
Magic:  4/6        EV: 12    Int: 16    God:
Gold:   25         SH:  0    Dex: 10    Spells: 1 memorised, 6 levels left

rFire  . . .     SeeInvis .     a - +0 club
rCold  . . .     Clarity  .     c - +0 robe
rNeg   + . .     SustAb   .     (no shield)
rPois  ∞         Gourm    .     (no helmet)
rElec  +         Spirit   .     (no cloak)
rCorr  .         Warding  .     (no gloves)
rMut   .         Stasis   .     (no boots)
MR     .....                    (no amulet)
Stlth  ++........               (no ring)
                                (no ring)

@: not resistant to hostile enchantments, unstealthy
A: negative energy resistance 1, electricity resistance, unbreathing,
petrification resistance, rot immunity, AC +3
a: no special abilities


You were on level 1 of the Dungeon.
You were not hungry.

You visited 1 branch of the dungeon, and saw 3 of its levels.

You collected 25 gold pieces.

Inventory:

Hand weapons
 a - a +0 club (weapon)
Missiles
 b - 49 stones (quivered)
Armour
 c - a +0 robe (worn)
Jewellery
 p - an uncursed amulet of resist mutation
Scrolls
 f - a scroll of identify
 l - a scroll of fear {unknown}
 m - a scroll of immolation {unknown}
 o - a scroll of fog {unknown}
Potions
 e - a potion of heal wounds {unknown}
 i - a potion of curing {unknown}
 k - a potion of invisibility {unknown}
 n - 2 potions of brilliance {unknown}
Books
 d - a book of Geomancy

   Spells                             Type                      Level
   a - Sandblast                      Earth                        1
   b - Stoneskin                      Transmutation/Earth          2
   c - Passwall                       Transmutation/Earth          3
   d - Stone Arrow                    Conjuration/Earth            3
   e - Petrify                        Transmutation/Earth          4
   f - Lee's Rapid Deconstruction     Earth                        5
Comestibles
 g - 2 bread rations
 j - 4 chunks of flesh
 q - a beef jerky


   Skills:
 + Level 1.2 Maces & Flails
 - Level 1.5 Dodging
 - Level 2.1 Stealth
 * Level 2.6 Spellcasting
   Level 0.7 Transmutations
 + Level 4.4 Earth Magic


You had 6 spell levels left.
You knew the following spells:

 Your Spells              Type           Power        Failure   Level  Hunger
a - Sandblast             Erth           ###...       3%          1    #......


Dungeon Overview and Level Annotations

Branches:
Dungeon (3/15)

Altars:

Annotations:
D:2 Ijyb


Innate Abilities, Weirdness & Mutations

You are resistant to torment.
You are immune to poison.
Your stone body is very resilient (AC +3).
You resist negative energy.
You are resistant to electric shocks.
You can survive without breathing.
You are immune to petrification.
You are immune to rotting.


Message History

The adder bites you.
* * * LOW HITPOINT WARNING * * *
Casting: Sandblast
Confirm with . or Enter, or press ? or * to list all spells.
Aiming: Sandblast
Press: ? - help, Shift-Dir - straight line, f - adder, p - ooze
Aim: an adder The blast of sand hits the adder.
The adder is moderately wounded.
The adder completely misses you. The adder barely misses you.
Casting: Sandblast
Confirm with . or Enter, or press ? or * to list all spells.
Aiming: Sandblast
Press: ? - help, Shift-Dir - straight line, f/p - adder
Aim: an adder (moderately wounded)
The blast of sand hits the adder.
The adder is heavily wounded.
The adder bites you.
You die...

#P.PPPPPPPPPPP...........
##.......................
#.......................
#............[......####
#.......)...........##..
#...............######..
#........#.....#.....#..
#........#...........#..
#......@.#...........#..
#...#..S.............#..
#...#...................
##...#...................
#........................
#.....J..................
#............(...........
#........................
#........................


You could see an ooze and an adder.

Vanquished Creatures
  A giant mite (D:1)
  4 giant geckos (D:2)
  A goblin (D:1)
  5 hobgoblins
  3 jackals (D:1)
  6 bats
  3 giant newts (D:1)
  7 kobolds
  4 rats
34 creatures vanquished.

Notes
Turn   | Place    | Note
--------------------------------------------------------------
     0 | D:1      | schauveau, the Gargoyle Earth Elementalist, began the quest for the Orb.
     0 | D:1      | Reached XP level 1. HP: 10/10 MP: 3/3
   154 | D:1      | Reached XP level 2. HP: 13/15 MP: 1/4
   338 | D:1      | Reached skill level 1 in Maces & Flails
   338 | D:1      | Reached skill level 4 in Earth Magic
   482 | D:1      | Reached XP level 3. HP: 13/19 MP: 2/6
  1227 | D:2      | Noticed Ijyb
  1297 | D:1      | Slain by an adder

Action                   || total
-------------------------++-------
Melee: Club              ||   102
       Unarmed           ||     1
 Cast: Sandblast         ||    39
  Use: Scroll            ||     2
  Eat: Chunk             ||     2
